TOP OF THE 1ST |
Columbus Jets batting - Pitching for Toledo Mud Hens : RHP James Moyer
|
Pitching: RHP James Moyer
|
|
Batting: RHB Greg Schultz
|
0-0: Ball 1-0: Ball 2-0: Ball 3-0: Called Strike 3-1: Base on Balls
|
Batting: RHB Jim Maler
|
0-0: Foul Ball, location: 2F 0-1: Ball 1-1: Swinging Strike 1-2: Foul Ball, location: 2F 1-2: Foul Ball, location: 2F 1-2: Ball 2-2: Fielders Choice at 2nd, 6-4 (Groundball, 56D, EV 99.4 MPH)
|
Batting: RHB Danny Tartabull
|
0-0: Ball 1-0: Fly out, F4 (Popup, 4MS, EV 66.3 MPH)
|
Batting: LHB Paul Hollins
|
0-0: Ball 1-0: Called Strike 1-1: Called Strike 1-2: Ball 2-2: Ball 3-2: Ground out 4-3 (Groundball, 4, EV 88.1 MPH)
|
Top of the 1st over - 0 runs, 0 hits, 0 errors, 1 left on base; Columbus 0 - Toledo 0 |
BOTTOM OF THE 1ST |
Toledo Mud Hens batting - Pitching for Columbus Jets : RHP Gabriel Franqui
|
Pitching: RHP Gabriel Franqui
|
|
Batting: LHB George LaCoe
|
0-0: Foul Ball, location: 2F 0-1: Swinging Strike 0-2: Ball 1-2: Ball 2-2: Strikes out swinging
|
Batting: LHB Ron Diggle
|
0-0: Ball 1-0: Ball 2-0: Ball 3-0: Called Strike 3-1: Base on Balls
|
Batting: SHB Ken Henderson
|
0-0: Ball 1-0: Ball 2-0: Called Strike 2-1: Foul Ball, location: 2F 2-2: Strikes out swinging
|
Batting: RHB Gorman Thomas
|
0-0: Swinging Strike 0-1: Ball 1-1: Foul Ball, location: 2F 1-2: Strikes out swinging
|
Bottom of the 1st over - 0 runs, 0 hits, 0 errors, 1 left on base; Columbus 0 - Toledo 0 |
TOP OF THE 2ND |
Columbus Jets batting - Pitching for Toledo Mud Hens : RHP James Moyer
|
Batting: RHB Jackie Gutierrez
|
0-0: Called Strike 0-1: Foul Ball, location: 2F 0-2: Reached via error on a dropped throw from 2B, E3 (Groundball, 34, EV 104.4 MPH)
|
Batting: RHB Michael Ventress
|
0-0: Ball 1-0: Called Strike 1-1: DOUBLE (Line Drive, 9LM, EV 103.8 MPH) Jackie Gutierrez to third Runner from 3rd tries for Home, SAFE, throw by RF to trailing runner, OUT at third! 9-3-5
|
Batting: RHB Jorge Martinez
|
0-0: Called Strike 0-1: DOUBLE (Line Drive, 7LM, EV 108.1 MPH)
|
Batting: LHB Craig Brooks
|
0-0: Ball 1-0: Swinging Strike 1-1: Foul Ball, location: 2F 1-2: Strikes out swinging
|
Batting: RHB Ray Smith
|
0-0: Ball 1-0: Foul Ball, location: 2F 1-1: SINGLE (Line Drive, 6D, EV 97.5 MPH) Jorge Martinez to third Runner from 3rd tries for Home, SAFE, throw by CF to home
|
Batting: RHB Greg Schultz
|
0-0: Called Strike 0-1: SINGLE (Groundball, 6M, EV 83.8 MPH) (infield hit) Ray Smith to second
|
Batting: RHB Jim Maler
|
0-0: Ball 1-0: Fly out, F7 (Flyball, 7LM, EV 89.4 MPH)
|
Top of the 2nd over - 2 runs, 4 hits, 1 error, 2 left on base; Columbus 2 - Toledo 0 |
BOTTOM OF THE 2ND |
Toledo Mud Hens batting - Pitching for Columbus Jets : RHP Gabriel Franqui
|
Batting: RHB Milt Jefferson
|
0-0: Fly out, F6 (Popup, 56, EV 58.8 MPH)
|
Batting: RHB Dennis Odom
|
0-0: Ball 1-0: Foul Ball, location: 2F 1-1: Called Strike 1-2: Foul Ball, location: 2F 1-2: Foul Ball, location: 2F 1-2: Ball 2-2: Fly out, F4 (Popup, 23, EV 94.4 MPH)
|
Batting: RHB Larry Patterson
|
0-0: Foul Ball, location: 2F 0-1: Ball 1-1: Ground out 6-3 (Groundball, 6S, EV 81.9 MPH)
|
Bottom of the 2nd over - 0 runs, 0 hits, 0 errors, 0 left on base; Columbus 2 - Toledo 0 |
TOP OF THE 3RD |
Columbus Jets batting - Pitching for Toledo Mud Hens : RHP James Moyer
|
Batting: RHB Danny Tartabull
|
0-0: Ball 1-0: Called Strike 1-1: Ball 2-1: Ground out 6-3 (Groundball, 6, EV 99.4 MPH)
|
Batting: LHB Paul Hollins
|
0-0: Called Strike 0-1: SINGLE (Flyball, 7S, EV 85.6 MPH)
|
Batting: RHB Jackie Gutierrez
|
0-0: Ball Paul Hollins steals 2nd base 1-0: Called Strike 1-1: Ground out 6-3 (Groundball, 6, EV 85.0 MPH)
|
Batting: RHB Michael Ventress
|
0-0: Ball 1-0: Ball 2-0: Called Strike 2-1: SINGLE (Line Drive, 9LS, EV 87.5 MPH) Paul Hollins to third Runner from 3rd tries for Home, SAFE, throw by RF to home
|
Batting: RHB Jorge Martinez
|
0-0: Called Strike 0-1: Foul Ball, location: 2F 0-2: Ball 1-2: Ball 2-2: Fly out, F7 (Flyball, 7, EV 88.1 MPH)
|
Top of the 3rd over - 1 run, 2 hits, 0 errors, 1 left on base; Columbus 3 - Toledo 0 |
BOTTOM OF THE 3RD |
Toledo Mud Hens batting - Pitching for Columbus Jets : RHP Gabriel Franqui
|
Batting: LHB Greg Johnston
|
0-0: Ground out 6-3 (Groundball, 6, EV 98.1 MPH)
|
Batting: RHB Ricardo Villasenor
|
0-0: SINGLE (Groundball, 5D, EV 101.9 MPH)
|
Batting: LHB George LaCoe
|
0-0: Called Strike 0-1: Ball 1-1: Fly out, F5 (Line Drive, 5, EV 69.4 MPH)
|
Batting: LHB Ron Diggle
|
0-0: Ball Ricardo Villasenor is caught stealing 2nd base 2-6
|
Bottom of the 3rd over - 0 runs, 1 hit, 0 errors, 0 left on base; Columbus 3 - Toledo 0 |
TOP OF THE 4TH |
Columbus Jets batting - Pitching for Toledo Mud Hens : RHP James Moyer
|
Batting: LHB Craig Brooks
|
0-0: Called Strike 0-1: Ball 1-1: Ball 2-1: Called Strike 2-2: Ball 3-2: SINGLE (Flyball, 89M, EV 87.5 MPH)
|
Batting: RHB Ray Smith
|
0-0: Called Strike 0-1: Ball 1-1: Grounds into double play, 3-6-1 (Groundball, 34, EV 87.5 MPH)
|
Batting: RHB Greg Schultz
|
0-0: Ground out 5-3 (Groundball, 5L, EV 100.6 MPH)
|
Top of the 4th over - 0 runs, 1 hit, 0 errors, 0 left on base; Columbus 3 - Toledo 0 |
BOTTOM OF THE 4TH |
Toledo Mud Hens batting - Pitching for Columbus Jets : RHP Gabriel Franqui
|
Batting: LHB Ron Diggle
|
0-0: Ball 1-0: Foul Ball, location: 2F 1-1: Ball 2-1: Ball 3-1: Foul Ball, location: 2F 3-2: Ground out U3 (Groundball, 34, EV 83.1 MPH)
|
Batting: SHB Ken Henderson
|
0-0: Called Strike 0-1: Ball 1-1: Called Strike 1-2: Foul Ball, location: 2F 1-2: Ball 2-2: Strikes out swinging
|
Batting: RHB Gorman Thomas
|
0-0: Called Strike 0-1: Foul Ball, location: 2F 0-2: Strikes out swinging
|
Bottom of the 4th over - 0 runs, 0 hits, 0 errors, 0 left on base; Columbus 3 - Toledo 0 |
TOP OF THE 5TH |
Columbus Jets batting - Pitching for Toledo Mud Hens : RHP James Moyer
|
Batting: RHB Jim Maler
|
0-0: Ball 1-0: Swinging Strike 1-1: Ground out 1-3 (Groundball, P, EV 62.5 MPH)
|
Batting: RHB Danny Tartabull
|
0-0: Called Strike 0-1: Foul Ball, location: 2F 0-2: Ball 1-2: Foul Ball, location: 2F 1-2: Strikes out swinging
|
Batting: LHB Paul Hollins
|
0-0: Called Strike 0-1: Ball 1-1: Called Strike 1-2: Fly out, F9 (Flyball, 9LM, EV 80.6 MPH)
|
Top of the 5th over - 0 runs, 0 hits, 0 errors, 0 left on base; Columbus 3 - Toledo 0 |
BOTTOM OF THE 5TH |
Toledo Mud Hens batting - Pitching for Columbus Jets : RHP Gabriel Franqui
|
Batting: RHB Milt Jefferson
|
0-0: Ball 1-0: Foul Ball, location: 2F 1-1: Called Strike 1-2: Ball 2-2: Ball 3-2: SINGLE (Line Drive, 7S, EV 109.4 MPH)
|
Batting: RHB Dennis Odom
|
0-0: Called Strike 0-1: Swinging Strike 0-2: Foul Ball, location: 2F 0-2: Ball 1-2: Ball 2-2: Strikes out swinging
|
Batting: RHB Larry Patterson
|
0-0: Ball 1-0: Ball 2-0: Foul Ball, location: 2F 2-1: Called Strike 2-2: SINGLE (Flyball, 89S, EV 85.0 MPH) Milt Jefferson to second Runner from 2nd tries for 3rd, SAFE, throw by RF made to third
|
Batting: LHB Greg Johnston
|
0-0: Ball 1-0: Ball 2-0: Fly out, F9 (Flyball, 89S, EV 89.4 MPH)
|
Batting: RHB Ricardo Villasenor
|
0-0: Ball 1-0: Fly out, F9 (Flyball, 9LD, EV 92.5 MPH)
|
Bottom of the 5th over - 0 runs, 2 hits, 0 errors, 2 left on base; Columbus 3 - Toledo 0 |
TOP OF THE 6TH |
Columbus Jets batting - Pitching for Toledo Mud Hens : RHP James Moyer
|
Batting: RHB Jackie Gutierrez
|
0-0: Fly out, F8 (Flyball, 8RM, EV 91.3 MPH)
|
Batting: RHB Michael Ventress
|
0-0: Called Strike 0-1: Ground out 6-3 (Groundball, 6, EV 88.1 MPH)
|
Batting: RHB Jorge Martinez
|
0-0: Ball 1-0: Ground out 4-3 (Groundball, 4, EV 91.9 MPH)
|
Top of the 6th over - 0 runs, 0 hits, 0 errors, 0 left on base; Columbus 3 - Toledo 0 |
BOTTOM OF THE 6TH |
Toledo Mud Hens batting - Pitching for Columbus Jets : RHP Gabriel Franqui
|
Batting: LHB George LaCoe
|
0-0: Ball 1-0: Foul Ball, location: 2F 1-1: Fly out, F9 (Flyball, 89S, EV 98.1 MPH)
|
Batting: LHB Ron Diggle
|
0-0: Ball 1-0: Ground out 5-3 (Groundball, 5L, EV 88.1 MPH)
|
Batting: SHB Ken Henderson
|
0-0: Ball 1-0: Called Strike 1-1: Ball 2-1: Ball 3-1: Swinging Strike 3-2: Foul Ball, location: 2F 3-2: Foul Ball, location: 2F 3-2: Fly out, F9 (Flyball, 89S, EV 88.8 MPH)
|
Bottom of the 6th over - 0 runs, 0 hits, 0 errors, 0 left on base; Columbus 3 - Toledo 0 |
TOP OF THE 7TH |
Columbus Jets batting - Pitching for Toledo Mud Hens : RHP James Moyer
|
Batting: LHB Craig Brooks
|
0-0: Ball 1-0: Called Strike 1-1: Foul Ball, location: 2F 1-2: Foul Ball, location: 2F 1-2: Foul Ball, location: 2F 1-2: Foul Ball, location: 2F 1-2: SINGLE (Groundball, 5S, EV 75.0 MPH) (infield hit)
|
Batting: RHB Ray Smith
|
0-0: Ball 1-0: Ball 2-0: Grounds into double play, 4-6-3 (Groundball, 4M, EV 79.4 MPH)
|
Batting: RHB Greg Schultz
|
0-0: Ground out 6-3 (Groundball, 6, EV 79.4 MPH)
|
Top of the 7th over - 0 runs, 1 hit, 0 errors, 0 left on base; Columbus 3 - Toledo 0 |
BOTTOM OF THE 7TH |
Toledo Mud Hens batting - Pitching for Columbus Jets : RHP Gabriel Franqui
|
Batting: RHB Gorman Thomas
|
0-0: Ball 1-0: Called Strike 1-1: Swinging Strike 1-2: Strikes out swinging
|
Batting: RHB Milt Jefferson
|
0-0: Called Strike 0-1: Ball 1-1: Fly out, F4 (Flyball, 34D, EV 90.6 MPH)
|
Batting: RHB Dennis Odom
|
0-0: Swinging Strike 0-1: Ball 1-1: Called Strike 1-2: Fly out, F9 (Flyball, 9S, EV 97.5 MPH)
|
Bottom of the 7th over - 0 runs, 0 hits, 0 errors, 0 left on base; Columbus 3 - Toledo 0 |
TOP OF THE 8TH |
Columbus Jets batting - Pitching for Toledo Mud Hens : RHP James Moyer
|
Batting: RHB Jim Maler
|
0-0: Ball 1-0: Ball 2-0: Swinging Strike 2-1: Fly out, F8 (Flyball, 78XD, EV 108.8 MPH)
|
Batting: RHB Danny Tartabull
|
0-0: Called Strike 0-1: Ground out 5-3 (Groundball, 56, EV 86.3 MPH)
|
Batting: LHB Paul Hollins
|
0-0: SINGLE (Groundball, 34D, EV 105.0 MPH)
|
Batting: RHB Jackie Gutierrez
|
0-0: Called Strike 0-1: Fielders Choice at 2nd, 6-4 (Groundball, 6, EV 85.6 MPH)
|
Top of the 8th over - 0 runs, 1 hit, 0 errors, 1 left on base; Columbus 3 - Toledo 0 |
BOTTOM OF THE 8TH |
Toledo Mud Hens batting - Pitching for Columbus Jets : RHP Gabriel Franqui
|
Batting: RHB Larry Patterson
|
0-0: Ball 1-0: Ball 2-0: Ball 3-0: Called Strike 3-1: Base on Balls
|
Batting: LHB Greg Johnston
|
0-0: Ball 1-0: Bunted foul 1-1: Bunt missed! 1-2: Ball 2-2: Fly out, F9 (Flyball, 89D, EV 105.0 MPH)
|
Batting: RHB Ricardo Villasenor
|
0-0: Ball 1-0: Ball 2-0: Grounds into double play, 5-4-3 (Groundball, 5, EV 99.4 MPH)
|
Bottom of the 8th over - 0 runs, 0 hits, 0 errors, 0 left on base; Columbus 3 - Toledo 0 |
TOP OF THE 9TH |
Columbus Jets batting - Pitching for Toledo Mud Hens : RHP James Moyer
|
Batting: RHB Michael Ventress
|
0-0: Called Strike 0-1: Swinging Strike 0-2: Ball 1-2: Fly out, F8 (Line Drive, 8LM, EV 96.9 MPH)
|
Batting: RHB Jorge Martinez
|
0-0: Called Strike 0-1: Ball 1-1: Ball 2-1: SINGLE (Flyball, 8LS, EV 98.8 MPH)
|
Batting: LHB Craig Brooks
|
0-0: Fly out, F9 (Flyball, 9D, EV 103.1 MPH)
|
Batting: RHB Ray Smith
|
0-0: Ball 1-0: Foul Ball, location: 2F 1-1: Ball 2-1: Fly out, F9 (Flyball, 89S, EV 90.0 MPH)
|
Top of the 9th over - 0 runs, 1 hit, 0 errors, 1 left on base; Columbus 3 - Toledo 0 |
BOTTOM OF THE 9TH |
Toledo Mud Hens batting - Pitching for Columbus Jets : RHP Gabriel Franqui
|
Now in RF: Dave Bialas
|
|
Batting: LHB George LaCoe
|
0-0: Called Strike 0-1: Ball 1-1: Called Strike 1-2: Fly out, F8 (Flyball, 8RM, EV 85.0 MPH)
|
Batting: LHB Ron Diggle
|
0-0: Ball 1-0: Fly out, F8 (Line Drive, 8LD, EV 104.4 MPH)
|
Batting: SHB Ken Henderson
|
0-0: Called Strike 0-1: Ball 1-1: Called Strike 1-2: Strikes out swinging
|
Bottom of the 9th over - 0 runs, 0 hits, 0 errors, 0 left on base; Columbus 3 - Toledo 0 |
|